 Dungeon Crawl Stone Soup version 0.28.0 (webtiles) character file.

Game seed: 11474147289568057193

531 oldriver the Caller (level 7, -15/31 HPs)
             Began as a Felid Summoner on Feb 5, 2022.
             Demolished by Duvessa (17 damage)
             ... on level 5 of the Dungeon.
             The game lasted 00:15:40 (7025 turns).

oldriver the Caller (Felid Summoner)                Turns: 7025, Time: 00:15:41

Health: -15/31     AC:  2    Str:  4    XL:     7   Next: 3%
Magic:  2/14       EV: 19    Int: 19    God:
Gold:   141        SH:  0    Dex: 16    Spells: 2/15 levels left
                                        Lives:  0   Deaths: 2

rFire   . . .      SeeInvis +   (weapon unavailable)
rCold   . . .      Faith    .   (shield unavailable)
rNeg    . . .      Spirit   .   (armour unavailable)
rPois   .          Reflect  .   (helmet unavailable)
rElec   .          Harm     .   (cloak unavailable)
rCorr   .          Rampage  .   (gloves unavailable)
Will    ++...                   (boots unavailable)
Stlth   +++.......              (no amulet)
HPRegen 0.10/turn               d - ring of flight
MPRegen 0.14/turn               h - ring of willpower

@: flying, quick
A: very small, claws 1, fangs 3, see invisible, speed 1, shaggy fur 2, stealthy
paws, no weapons or thrown items, no armour, multi-lived
a: no special abilities


You were on level 5 of the Dungeon.
You visited 2 branches of the dungeon, and saw 6 of its levels.

You collected 141 gold pieces.

Inventory:

Jewellery
 d - a ring of flight (left paw)
 h - a ring of willpower (right paw)
Scrolls
 a - a scroll of enchant armour
 e - a scroll of fear
Potions
 b - a potion of heal wounds
 f - a potion of mutation {unknown}
 k - a potion of brilliance {unknown}


   Skills:
 + Level 3.1 Fighting
 - Level 5.0 Dodging
 - Level 5.0 Stealth
 + Level 4.6 Spellcasting
 - Level 5.0 Hexes
 - Level 5.2 Summonings
 + Level 1.6 Air Magic


You had 2 spell levels left.
You knew the following spells:

 Your Spells              Type           Power      Damage    Failure   Level
a - Summon Small Mammal   Summ           96%        N/A       1%          1
b - Call Imp              Summ           24%        N/A       2%          2
c - Call Canine Familiar  Summ           24%        N/A       4%          3
d - Summon Guardian Gole  Hex/Summ       23%        N/A       4%          3
e - Summon Lightning Spi  Summ/Air       17%        N/A       30%         4

Your spell library contained the following spells:

 Spells                   Type           Power      Damage    Failure   Level
 Animate Skeleton         Necr           8%         N/A       13%         1
 Apportation              Tloc           8%         N/A       13%         1


Dungeon Overview and Level Annotations

Branches:
Dungeon (5/15)             Temple (1/1) D:4

Altars:
Ashenzari
Cheibriados
Dithmenos
Fedhas
Hepliaklqana
Kikubaaqudgha
Makhleb
Nemelex Xobeh
Okawaru
Qazlal
Ru
Sif Muna
Uskayaw
Vehumet
Wu Jian
Xom
Yredelemnul
Zin
The Shining One

Shops:
D:5 [[

Annotations:
D:5 Duvessa


Innate Abilities, Weirdness & Mutations

You have sharp claws.
You have razor-sharp teeth.
You have supernaturally acute eyesight. (SInv)
You cover ground quickly. (Speed+)
You are covered in thick fur. (AC +2)
Your paws help you pounce on unaware monsters.
You are incapable of wielding weapons or throwing items.
You cannot wear armour.
You gain extra lives every three experience levels.


Message History

A beastly little devil appears in a puff of flame.
Your crimson imp says, "I truckle to your servitude, my grandiloquent and greatest gentlecat!"
The hound bites your guardian golem but does no damage.
You swap places.
The hound bites your guardian golem but does no damage.
The centaur shoots an arrow.
The arrow hits your crimson imp!
Something bites your guardian golem but does no damage.
Something hits your guardian golem!
Something completely misses your guardian golem.
Something bites your guardian golem but does no damage.
Duvessa shouts!
Duvessa goes berserk!
Your crimson imp blinks!
Your crimson imp blinks!
Duvessa rages.
Something bites your guardian golem but does no damage.
You hear a shout!
As you read the scroll labelled LAFIEPL SA EGU, it crumbles to dust.
You assume a fearsome visage.
Duvessa is unaffected.
It was a scroll of fear.
As you read the scroll labelled TAESEM WABLAQ, it crumbles to dust.
It is a scroll of enchant armour.
You aren't carrying any armour which can be enchanted further.
Duvessa hits you with a +1 short sword of speed.
As you read the scroll labelled WIYMAD CARPHUH, it crumbles to dust.
The creatures around you are filled with an inner flame!
It was a scroll of immolation.
Duvessa hits you with a +1 short sword of speed.
* * * LOW HITPOINT WARNING * * *
The hound bites your guardian golem but does no damage.
Duvessa hits you with a +1 short sword of speed!
* * * LOW HITPOINT WARNING * * *
As you read the scroll labelled KOUFIT UHOTARA, it crumbles to dust.
It is a scroll of enchant weapon.
You aren't carrying any weapons that can be enchanted.
The hound bites your guardian golem. Duvessa barely misses you.
Your crimson imp barely misses the hound.
Your guardian golem overheats!
Duvessa hits you with a +1 short sword of speed!
Ouch! That really hurt!
You die...

#§.§§§#§............ .
#.....##...........# ...
#.....# #### ...##?##.....
#....o#########.##........
#..(...h....§.....###.....
#.....#c.....##5h...e.....
#.....###.....##9###......
#.....##.......#e# ####
#.....##.......#@#
########.........#
##........# #.......###
##.......# ##........#
#.re.)...####
######...........#
.e..##.........###


You could see Duvessa (berserk, inner flame), a hound (inner flame, ally
target), a friendly guardian golem (summoned, inner flame) and a friendly
crimson imp (summoned, sheltered).

Vanquished Creatures
  An orc (D:4)
  2 bats (D:1)
3 creatures vanquished.

Vanquished Creatures (collateral kills)
  2 ogres
  2 scorpions (D:5)
  2 water moccasin skeletons
  A howler monkey (D:5)
  A bullfrog zombie (D:5)
  2 hounds
  A jelly (D:4)
  6 iguanas
  An orc wizard (D:3)
  A hound skeleton (D:5)
  Robin (D:2)
  3 gnolls (D:5)
  6 adders
  A shadow imp (D:5)
  A white imp (D:4)
  An ufetubus (D:4)
  A worm (D:2)
  A dart slug (D:2)
  5 orcs
  4 endoplasms
  A giant cockroach (D:2)
  8 goblins
  8 hobgoblins
  5 quokkas
  8 ball pythons
  3 bats
  A frilled lizard (D:1)
  6 kobolds
  2 rats
85 creatures vanquished.

Vanquished Creatures (others)
  Dowan (D:5)
  17 plants (D:4)
18 creatures vanquished.

Grand Total: 106 creatures vanquished

Notes
Turn   | Place    | Note
-------+----------+-------------------------------------------
     0 | D:1      | oldriver the Felid Summoner began the quest for the Orb.
     0 | D:1      | Reached XP level 1. HP: 7/7 MP: 4/4
   394 | D:1      | Found a faded altar of an unknown god.
   419 | D:1      | Reached XP level 2. HP: 9/12 MP: 3/6
   422 | D:1      | Learned a level 2 spell: Call Imp
  1564 | D:2      | Reached skill level 1 in Fighting
  1568 | D:2      | Reached XP level 3. HP: 15/15 MP: 2/7
  1794 | D:2      | Learned a level 3 spell: Call Canine Familiar
  2060 | D:2      | Noticed Robin
  2069 | D:2      | Killed Robin
  2281 | D:2      | Reached XP level 4. HP: 19/19 MP: 4/8
  2686 | D:3      | Killed from afar by an orc wizard
  2687 | D:3      | Reached XP level 3. HP: 0/15 MP: 6/8
  2850 | D:3      | Reached XP level 4. HP: 19/19 MP: 1/9
  3959 | D:4      | Reached XP level 5. HP: 22/22 MP: 1/10
  4172 | D:4      | Noticed an ogre
  4189 | D:4      | Killed an ogre
  4190 | D:4      | Reached skill level 5 in Summonings
  4340 | D:4      | Reached skill level 5 in Stealth
  4340 | D:4      | Gained mutation: You are covered in thick fur. (AC +2)
                  | [Felid growth]
  4340 | D:4      | Reached XP level 6. HP: 26/26 MP: 6/11
  4626 | D:4      | Learned a level 3 spell: Summon Guardian Golem
  4759 | D:4      | Reached skill level 5 in Dodging
  4840 | D:4      | Reached skill level 1 in Hexes
  4909 | D:4      | Found a burning altar of Makhleb.
  4911 | D:4      | Noticed an Executioner
  5252 | D:4      | Found a staircase to the Ecumenical Temple.
  5262 | Temple   | Entered the Ecumenical Temple
  5406 | D:5      | Entered Level 5 of the Dungeon
  5406 | D:5      | Noticed Duvessa
  5406 | D:5      | Noticed Dowan
  5743 | D:5      | Reached XP level 7. HP: 30/30 MP: 4/13
  6558 | D:5      | Learned a level 4 spell: Summon Lightning Spire
  6598 | D:5      | Found Arotunul's Antique Armour Shop.
  6618 | D:5      | Found Tauchesa's Armour Emporium.
  6693 | D:5      | Killed Dowan
  6694 | D:5      | Reached skill level 5 in Hexes
  6706 | D:5      | Mangled by Duvessa
  6707 | D:5      | Reached XP level 6. HP: -6/27 MP: 1/13
  6776 | D:5      | Reached skill level 1 in Air Magic
  6971 | D:5      | Reached XP level 7. HP: 31/31 MP: 5/14
  7024 | D:5      | HP: 1/31 [Duvessa (8)]
  7025 | D:5      | Demolished by Duvessa

Illustrated notes

Levels and vault maps discovered:
D:1:      mrwooster_arrival_statue, layout_loops_ring,
          hellmonk_ecumenical_altar_pennies_from_heaven
D:2:      minmay_razor_zed, layout_loops_ring, uniq_robin
D:3:      layout_basic
D:4:      layout_cave_pools, makhleb_altar_promises_db,
          minmay_temple_entry_statues_pillars, serial_bayou_lagoon_a,
          small_statue_intersection
D:5:      layout_rooms, serial_shops, nicolae_lakefront_shop, shop,
          nicolae_stop_n_shop_2, kennysheep_mini, grunt_ministairs_11,
          nicolae_elemental_shop, minmay_pentangle, uniq_duvessa
Temple:   mainiacjoe_temple_coin_purse

Skill      XL: |  1  2  3  4  5  6  7 |
---------------+----------------------+-----
Fighting       | 1 2 3 |  3.1
Stealth        | 3 4 5 |  5.0
Dodging        | 3 4 5 |  5.0
Spellcasting   | 3 4 |  4.6
Summonings     | 5 |  5.2
Hexes          | 3 5 |  5.0
Air Magic      | 1 |  1.6

Action                   |  1- 3 |  4- 6 |  7- 9 || total
-------------------------+-------+-------+-------++-------
Melee: Unarmed           |     5 |     9 |       ||    14
       Bite              |       |     1 |       ||     1
 Cast: Summon Small Mamm |    45 |    59 |     2 ||   106
       Call Imp          |    21 |    43 |    20 ||    84
       Call Canine Famil |       |    19 |    15 ||    34
       Summon Guardian G |       |     4 |     6 ||    10
  Use: Scroll            |       |     2 |     6 ||     8
       Potion            |       |       |     1 ||     1
Armor: Skin              |     4 |     1 |       ||     5
Dodge: Dodged            |    34 |    35 |    13 ||    82
